 Dungeon Sprint DCSS version 0.27-a0-550-ge92ec0ca06 (webtiles) character file.

Game seed: 11242530684548976897

49715 mhtbhm the Ninja (level 14, 0/103 HPs)
             Began as a Kobold Berserker on Mar 7, 2021.
             Was the Champion of Trog.
             Succumbed to something's poison gas
             ... in the Dungeon (Sprint III: "The Ten Rune Challenge").
             The game lasted 00:12:45 (4191 turns).

mhtbhm the Ninja (Kobold Berserker)                 Turns: 4191, Time: 00:12:46

Health: 0/103      AC: 13    Str: 21    XL:     14   Next: 25%
Magic:  14/14      EV: 22    Int:  8    God:    Trog [******]
Gold:   312        SH:  4    Dex: 21    Spells: 13/13 levels left

rFire    + . .     SeeInvis +   a - +8 quick blade (vorpal)
rCold    + + +     Faith    .   (shield restricted)
rNeg     . . .     Spirit   .   b - +4 scale mail of Mydd {rF+ rC+ Regen+}
rPois    .         Reflect  .   x - +0 helmet {SInv}
rElec    .         Harm     .   s - -3 cloak of Koaxopycw {rC+ Str+2}
rCorr    .         Rampage  .   (no gloves)
Will     +++..     NoTele   +   (no boots) Stlth *+++++++++
                                (no amulet)
HPRegen  2.27/turn              w - ring of the Gastropod {rC+ Dex+6 Stlth+}
MPRegen  0.14/turn              (no ring)

@: lethally poisoned (0 -> -121), berserk cooldown, regenerating, slowed, very
slow
A: small, large bone plates 1, camouflage 1, nightstalker 3
}: 1/10 runes: serpentine
a: Renounce Religion, Berserk, Trog's Hand, Brothers in Arms


You were in the Dungeon.
You worshipped Trog.
Trog was exalted by your worship.
You visited 1 branch You collected 2203 gold pieces.
You spent 1891 gold pieces at shops.

Inventory:

Hand Weapons
 a - a +8 vorpal quick blade (weapon)
 k - the +10 short sword of Doubt {flame, rF+++ rC+ Dex-3}
   (Trog gifted it to you in the Dungeon)

   It has been specially enchanted to burn those struck by it, causing extra
   injury to most foes and up to half again as much damage against particularly
   susceptible opponents.
   It affects your dexterity (-3).
   It renders you almost immune to fire.
   It protects you from cold.
 D - a +4 mace of holy wrath
Missiles
 r - 7 curare-tipped darts
 B - 16 poisoned darts
 E - 10 atropa-tipped darts
Armour
 b - the +4 scale mail of Mydd (worn) {rF+ rC+ Regen+}
   (You bought it in a shop in the Dungeon)

   It protects you from fire.
   It protects you from cold.
   It increases your rate of regeneration.
 s - the -3 cloak of Koaxopycw (worn) {rC+ Str+2}
   (You bought it in a shop in the Dungeon)

   It affects your strength (+2).
   It protects you from cold.
 x - a +0 helmet of see invisible (worn)
Jewellery
 w - the ring of the Gastropod (left hand) {rC+ Dex+6 Stlth+}
   (You bought it in a shop in the Dungeon)

   [ring of dexterity]

   It affects your dexterity (+6).
   It protects you from cold.
   It makes you more stealthy.
Wands
 p - a wand of flame (25)
Scrolls
 c - a scroll of magic mapping
 j - a scroll of holy word
 m - a scroll of immolation
 t - a scroll of fog
 u - 4 scrolls of identify
 v - 2 scrolls of enchant weapon
Potions
 d - a potion of heal wounds
 e - 3 potions of haste
 f - 2 potions of magic
 g - a potion of berserk rage
 i - a potion of attraction
 l - 4 potions of flight
 o - 4 potions of mutation
 z - a potion of might
 A - a potion of invisibility
Miscellaneous
 q - a box of beasts
 y - a box of beasts
 C - a phial of floods


   Skills:
 + Level 17.7 Fighting
 + Level 20.6 Short Blades
 + Level 11.4 Armour
 + Level 12.9 Dodging
 O Level 27 Stealth
 + Level 5.7 Shields
 + Level 2.6 Evocations


You had 13 spell levels left.
You didn't know any spells.
Your spell library was empty.

Dungeon Overview and Level Annotations

Branches:
Dungeon (1/1)

Altars:
Cheibriados
Dithmenos
Elyvilon
Fedhas
Gozag
Hepliaklqana
Kikubaaqudgha
Makhleb
Nemelex Xobeh
Okawaru
Qazlal
Ru
Sif Muna
Trog
Uskayaw
Vehumet
Wu Jian
Xom
Yredelemnul
Zin
The Shining One
Beogh
Jiyva
Lugonu

Shops:
D =([?=[![=(:?(*!([


Innate Abilities, Weirdness & Mutations

You are small and have problems with some larger weapons.
You are completely attuned to the shadows.
You are partially covered in large bone plates. (SH +4)
Your skin changes colour to match your surroundings (Stealth+).


Message History

You are more poisoned.
You feel sick.
You puncture the swamp dragon!
You kill the swamp dragon!
Trog accepts your kill.
You are engulfed in poison gas.
You are more poisoned.
You feel sick.
Unknown command.
You feel extremely sick.
You see here a swamp drake corpse.
Really walk into that cloud of poison gas?
You feel a strong urge to attack something.
You are engulfed in poison gas.
You are more poisoned.
You feel extremely sick.
You enter the shallow water.
Moving in this stuff is going to be slow.
You are no longer berserk.
You are exhausted.
You feel yourself slow down.
You feel extremely sick.
You feel extremely sick.
Okay, then.
Your skin crawls.
You feel strong-willed.
* * * LOW HITPOINT WARNING * * *
You feel extremely sick.
The swamp dragon breathes poison at you.
The blast of poison misses you.
Unknown command.
Okay, then.
Blink to where?
Press: ? - help, Dir - move target
As you read the scroll of blinking, it crumbles to dust.
You are engulfed in poison gas.
You are more poisoned.
* * * LOW HITPOINT WARNING * * *
x2 You feel extremely sick.
You die...

#≈≈≈§.§§†≈♣♣♣♣♣♣♣#..♣♣
#≈≈≈≈≈§§≈≈♣ ###'♣♣♣♣♣♣
####'#######♣
♣♣♣♣.##..##
........)...♣♣
♣...##.##.#
############'♣
♣♣.##.##.##
#≈....)......♣
♣..#.##...
+≈≈)††########♣♣
♣♣.##.##.)
.#≈≈≈..÷.....○PP♣
♣♣.##.####
.#≈≈≈≈P...P@○○○P♣
♣.....##..
###########'####
########'# #○♣♣ #..
#♣≈♣ #.. ♣°♣♣ ### ♣♣°♣
##. ♣°♣♣ #.. ♣☼♣♣ #..
♣D†♣ #..


There were no monsters in sight!

Vanquished Creatures
  Rupert (D)
  A fire dragon (D)
  A hydra (D)
  Erolcha (D)
  A naga warrior (D)
  A centaur warrior (D)
  6 anacondas (D)
  4 death yaks (D)
  4 dancing weapons (D)
  Urug (D)
  3 orc high priests (D)
  2 deep elf knights (D)
  A spriggan druid (D)
  A death drake (D)
  2 swamp dragons (D)
  A lindwurm (D)
  An orange crystal statue (D)
  4 deep elf pyromancers (D)
  A mana viper (shapeshifter) (D)
  4 crystal guardians (D)
  An ugly thing (D)
  2 black mambas (D)
  A guardian serpent (D)
  Duvessa (D)
  2 cane toads (D)
  A komodo dragon (D)
  A rime drake (D)
  4 spriggan defenders (D)
  2 tyrant leeches (D)
  A slime creature (D)
  8 blink frogs (D)
  3 wandering mushrooms (D)
  5 redbacks (D)
  A shadow (D)
  2 spriggans (D)
  A spatial vortex (D)
  2 nagas (D)
  4 water moccasins (D)
  A fire dragon simulacrum (D)
  3 swamp drakes (D)
  A necrophage (D)
  5 two-headed ogres (D)
  A water elemental (D)
  An electric eel (D)
  A jelly (D)
  2 orc priests (D)
  Jessica (D)
  A wizard (D)
  A necromancer (D)
  2 orc wizards (D)
  2 polar bear simulacra (D)
  A wolf simulacrum (D)
  3 humans (D)
  A kobold demonologist (D)
  7 adders (D)
  An ooze (D)
  A phantom (D)
  7 orcs (D)
  2 rats (D)
128 creatures vanquished.

Vanquished Creatures (collateral kills)
  Dowan (D)
  A nagaraja (D)
  A hydra (D)
  5 orcs (D)
8 creatures vanquished.

Vanquished Creatures (others)
  2 orc high priests (D)
  An orc priest (D)
  13 plants (D)
16 creatures vanquished.

Grand Total: 152 creatures vanquished

Notes
Turn   | Place    | Note
-------+----------+-------------------------------------------
     0 | D        | mhtbhm the Kobold Berserker began the quest for the Orb.
     0 | D        | Reached XP level 1. HP: 14/14 MP: 1/1
    14 | D        | Reached skill level 5 in Short Blades
    14 | D        | Reached XP level 2. HP: 20/20 MP: 2/2
    37 | D        | Reached ** piety under Trog
    39 | D        | Noticed Jessica
    43 | D        | Killed Jessica
    44 | D        | Reached skill level 5 in Fighting
    44 | D        | Reached skill level 2 in Stealth
    44 | D        | Reached XP level 3. HP: 26/26 MP: 3/3
   101 | D        | Reached *** piety under Trog
   102 | D        | Reached skill level 3 in Stealth
   102 | D        | Reached XP level 4. HP: 31/31 MP: 4/4
   123 | D        | Gained mutation: Armour fits poorly on your strangely
                  | shaped body. [potion of mutation]
   123 | D        | Gained mutation: Scrolls take you a little longer to read.
                  | [potion of mutation]
   123 | D        | Gained mutation: Your flesh is heat resistant. (rF+)
                  | [potion of mutation]
   124 | D        | Lost mutation: Your flesh is heat resistant. (rF+) [potion
                  | of mutation]
   124 | D        | Lost mutation: Scrolls take you a little longer to read.
                  | [potion of mutation]
   124 | D        | Lost mutation: Armour fits poorly on your strangely shaped
                  | body. [potion of mutation]
   124 | D        | Gained mutation: Your skin changes colour to match your
                  | surroundings (Stealth+). [potion of mutation]
   124 | D        | Gained mutation: You have supernaturally acute eyesight.
                  | (SInv) [potion of mutation]
   124 | D        | Lost mutation: You have supernaturally acute eyesight.
                  | (SInv) [potion of mutation]
   124 | D        | Gained mutation: You are partially covered in large bone
                  | plates. (SH +4) [potion of mutation]
   173 | D        | Noticed a water elemental
   183 | D        | Killed a water elemental
   184 | D        | Reached skill level 4 in Stealth
   184 | D        | Reached XP level 5. HP: 13/37 MP: 5/5
   410 | D        | Found a radiant altar of Vehumet.
   410 | D        | Found a shimmering blue altar of Sif Muna.
   410 | D        | Found an ancient bone altar of Kikubaaqudgha.
   413 | D        | Reached skill level 5 in Stealth
   414 | D        | Reached **** piety under Trog
   427 | D        | Found a glowing silver altar of Zin.
   427 | D        | Found a glowing golden altar of the Shining One.
   427 | D        | Found a white marble altar of Elyvilon.
   428 | D        | Noticed a deep elf pyromancer
   434 | D        | Noticed a fire elemental
   434 | D        | Killed a deep elf pyromancer
   435 | D        | Reached skill level 9 in Stealth
   435 | D        | Reached XP level 6. HP: 20/47 MP: 6/6
   435 | D        | Reached XP level 7. HP: 21/51 MP: 7/7
   643 | D        | Found a basalt altar of Yredelemnul.
   643 | D        | Found a shadowy altar of Dithmenos.
   643 | D        | Found a sacrificial altar of Ru.
   646 | D        | Reached skill level 10 in Stealth
   646 | D        | Reached ***** piety under Trog
   657 | D        | Found a hide-covered altar of Uskayaw.
   657 | D        | Found an iron altar of Okawaru.
   657 | D        | Found a bloodstained altar of Trog.
   657 | D        | Found an ornate altar of the Wu Jian Council.
   657 | D        | Noticed a human
   658 | D        | Noticed a human
   664 | D        | Killed a human
   665 | D        | Reached skill level 10 in Fighting
   665 | D        | Reached skill level 11 in Stealth
   665 | D        | Reached XP level 8. HP: 57/57 MP: 8/8
   676 | D        | Killed a human
   801 | D        | Noticed a shadow
   803 | D        | Killed a shadow
   804 | D        | Reached skill level 12 in Stealth
   811 | D        | Found a blossoming altar of Fedhas.
   811 | D        | Found a stormy altar of Qazlal.
   811 | D        | Found a snail-covered altar of Cheibriados.
   811 | D        | Found a burning altar of Makhleb.
   811 | D        | Found a shimmering altar of Xom.
   812 | D        | Found a hazy altar of Hepliaklqana.
   812 | D        | Found an opulent altar of Gozag.
   812 | D        | Found a sparkling altar of Nemelex Xobeh.
   812 | D        | Found a corrupted altar of Lugonu.
   812 | D        | Found a viscous altar of Jiyva.
   961 | D        | Received a gift from Trog
   968 | D        | Reached XP level 9. HP: 63/63 MP: 9/9
   973 | D        | Reached skill level 13 in Stealth
  1026 | D        | Noticed a two-headed ogre
  1035 | D        | Killed a two-headed ogre
  1142 | D        | Noticed a two-headed ogre
  1142 | D        | Noticed Erolcha
  1144 | D        | Killed Erolcha
  1145 | D        | Reached skill level 15 in Short Blades
  1145 | D        | Reached skill level 15 in Stealth
  1145 | D        | Reached skill level 1 in Shields
  1145 | D        | Killed a two-headed ogre
  1158 | D        | Reached skill level 16 in Stealth
  1158 | D        | Reached XP level 10. HP: 70/70 MP: 10/10
  1159 | D        | Reached ****** piety under Trog
  1178 | D        | Received a gift from Trog
  1179 | D        | Reached skill level 5 in Armour
  1568 | D        | Noticed an orc high priest
  1569 | D        | Noticed an orc high priest
  1572 | D        | Noticed an orc high priest
  1578 | D        | Noticed a soul eater
  1584 | D        | Killed an orc high priest
  1585 | D        | Reached skill level 17 in Stealth
  1587 | D        | Noticed a sixfirhy
  1587 | D        | Noticed a smoke demon
  1589 | D        | Killed an orc high priest
  1589 | D        | Received a gift from Trog
  1595 | D        | Killed an orc high priest
  1596 | D        | Reached skill level 18 in Stealth
  1604 | D        | Found Ovvaigeb's Armour Shop.
  1698 | D        | Noticed a deep elf knight
  1699 | D        | Noticed a deep elf pyromancer
  1699 | D        | Noticed a deep elf knight
  1700 | D        | Noticed a deep elf pyromancer
  1700 | D        | Noticed a deep elf pyromancer
  1706 | D        | Killed a deep elf pyromancer
  1707 | D        | Reached XP level 11. HP: 76/76 MP: 11/11
  1717 | D        | Killed a deep elf knight
  1717 | D        | Received a gift from Trog
  1727 | D        | Killed a deep elf pyromancer
  1728 | D        | Reached skill level 19 in Stealth
  1729 | D        | Killed a deep elf knight
  1736 | D        | Killed a deep elf pyromancer
  1736 | D        | Received a gift from Trog
  1905 | D        | Noticed Dowan
  1905 | D        | Noticed Duvessa
  1927 | D        | Killed Duvessa
  1943 | D        | Killed Dowan
  1944 | D        | Reached skill level 10 in Dodging
  2237 | D        | Noticed an orange crystal statue
  2254 | D        | Killed an orange crystal statue
  2263 | D        | Noticed a crystal guardian
  2263 | D        | Noticed a crystal guardian
  2264 | D        | Killed a crystal guardian
  2265 | D        | Reached skill level 1 in Evocations
  2288 | D        | Killed a crystal guardian
  2288 | D        | Received a gift from Trog
  2364 | D        | Noticed a crystal guardian
  2367 | D        | Noticed a crystal guardian
  2368 | D        | Killed a crystal guardian
  2369 | D        | Reached skill level 20 in Stealth
  2369 | D        | Reached XP level 12. HP: 85/85 MP: 12/12
  2371 | D        | Killed a crystal guardian
  2387 | D        | Found Doch's Assorted Antiques.
  2387 | D        | Found Oleguek's Armour Shoppe.
  2387 | D        | Found Bousij's Magic Scroll Emporium.
  2387 | D        | Found Pasaschu's Antique Weapon Boutique.
  2387 | D        | Found Japa's Weapon Emporium.
  2387 | D        | Found Seliho's Weapon Shop.
  2387 | D        | Found Juavor's Book Boutique.
  2387 | D        | Found Idyd's Jewellery Shoppe.
  2388 | D        | Found Onetais's Distillery.
  2388 | D        | Found Liddocis's Antique Armour Shop.
  2389 | D        | Found Zecagac's Distillery.
  2420 | D        | Bought the -3 cloak of Koaxopycw {rC+ Str+2} for 84 gold
                  | pieces
  2429 | D        | Bought a scroll of fog for 24 gold pieces
  2429 | D        | Bought a scroll of identify for 24 gold pieces
  2429 | D        | Bought 2 scrolls of enchant weapon for 180 gold pieces
  2431 | D        | Bought the ring of the Gastropod {rC+ Dex+6 Stlth+} for 753
                  | gold pieces
  2432 | D        | Bought a glowing helmet for 187 gold pieces
  2442 | D        | Bought a potion of might for 44 gold pieces
  2459 | D        | Bought an opal-encrusted scale mail for 171 gold pieces
  2459 | D        | Identified the +4 scale mail of Mydd {rF+ rC+ Regen+} (You
                  | bought it in a shop in the Dungeon)
  2478 | D        | Bought a potion of invisibility for 104 gold pieces
  2478 | D        | Bought 2 potions of haste for 260 gold pieces
  2557 | D        | Received a gift from Trog
  2581 | D        | Identified the +3 scale mail of Kikubaaqudgha's Pride
                  | {Dex+2}
  2588 | D        | Noticed a centaur warrior
  2600 | D        | Killed a centaur warrior
  2615 | D        | Noticed a fire dragon
  2618 | D        | Killed a fire dragon
  2640 | D        | Reached skill level 15 in Fighting
  2640 | D        | Reached skill level 21 in Stealth
  2653 | D        | Noticed a +3 vampiric trident
  2654 | D        | Noticed a +1 halberd of venom
  2655 | D        | Noticed a +2 flail of holy wrath
  2655 | D        | Noticed a +2 morningstar of freezing
  2682 | D        | Killed a +1 halberd of venom
  2685 | D        | Killed a +3 vampiric trident
  2686 | D        | Reached skill level 10 in Armour
  2752 | D        | Killed a +2 flail of holy wrath
  2829 | D        | Killed a +2 morningstar of freezing
  2829 | D        | Received a gift from Trog
  3010 | D        | Reached skill level 22 in Stealth
  3014 | D        | Identified the +10 short sword of Doubt {flame, rF+++ rC+
                  | Dex-3} (Trog gifted it to you in the Dungeon)
  3014 | D        | Received a gift from Trog
  3027 | D        | Reached XP level 13. HP: 92/92 MP: 13/13
  3032 | D        | Noticed Urug
  3034 | D        | Killed Urug
  3200 | D        | Noticed a six-headed hydra
  3200 | D        | Noticed a five-headed hydra
  3208 | D        | Killed a five-headed hydra
  3209 | D        | Reached skill level 23 in Stealth
  3211 | D        | Killed a six-headed hydra
  3326 | D        | Received a gift from Trog
  3367 | D        | Found a blossoming altar of Fedhas.
  3421 | D        | Noticed an anaconda
  3434 | D        | Killed an anaconda
  3435 | D        | Received a gift from Trog
  3470 | D        | Noticed an anaconda
  3475 | D        | Killed an anaconda
  3477 | D        | Noticed an anaconda
  3480 | D        | Killed an anaconda
  3481 | D        | Reached skill level 24 in Stealth
  3481 | D        | Reached skill level 5 in Shields
  3490 | D        | Received a gift from Trog
  3493 | D        | Noticed an anaconda
  3495 | D        | Killed an anaconda
  3506 | D        | Noticed an anaconda
  3507 | D        | Noticed an anaconda
  3514 | D        | Killed an anaconda
  3521 | D        | Killed an anaconda
  3570 | D        | Noticed a naga warrior
  3570 | D        | Noticed a nagaraja
  3572 | D        | Found Rufaunka's Antique Armour Shop.
  3572 | D        | Found Qopecott's Magic Scroll Shoppe.
  3572 | D        | Found Nithreaci's Jewellery Boutique.
  3574 | D        | Received a gift from Trog
  3583 | D        | Killed a naga warrior
  3584 | D        | Reached skill level 25 in Stealth
  3594 | D        | HP: 4/95 [poisoned by a nagaraja (splash of poison)]
  3598 | D        | Killed a nagaraja
  3719 | D        | Bought a scroll of magic mapping for 38 gold pieces
  3719 | D        | Bought a scroll of identify for 22 gold pieces
  3741 | D        | Got a serpentine rune of Zot
  3843 | D        | Received a gift from Trog
  3908 | D        | Noticed Rupert
  3912 | D        | Killed Rupert
  3913 | D        | Reached skill level 26 in Stealth
  3913 | D        | Reached XP level 14. HP: 102/102 MP: 14/14
  3925 | D        | Received a gift from Trog
  3956 | D        | Received a gift from Trog
  4001 | D        | Reached skill level 27 in Stealth
  4023 | D        | Found Zuarph's Jewellery Shoppe.
  4024 | D        | Found Somme's Antique Weapon Boutique.
  4191 | D        | Succumbed to something's poison gas

Illustrated notes

Levels and vault maps discovered:
D:        dungeon_sprint_mu [sprint_mu_entry_cave, sprint_mu_temple_rooms,
          sprint_mu_d1_spiders, sprint_mu_d2_genie, sprint_mu_d3_branching,
          sprint_mu_orc_legion, sprint_mu_elf_gauntlet, sprint_mu_hive_nellie,
          sprint_mu_lair_fedhas, sprint_mu_vaults_butterflies,
          sprint_mu_slime_circle, sprint_mu_swamp_cave, sprint_mu_snake_twists,
          sprint_mu_blade_basic, sprint_mu_crypt_fortress,
          sprint_mu_tomb_spiral, sprint_mu_vestibule_basic,
          sprint_mu_gehenna_hellfire, sprint_mu_dis_giant,
          sprint_mu_tartarus_statrot, sprint_mu_cocytus_islands, sprint_mu_zot1]

Skill      XL: |  1  2  3  4  5  6  7  8  9 10 11 12 13 14 |
---------------+-------------------------------------------+-----
Fighting       | 4 5 6 9 10 11 12 14 15 17 | 17.7
Short Blades   | 5 6 7 8 12 13 14 15 16 18 19 20 | 20.6
Armour         | 2 3 4 6 9 10 11 | 11.4
Dodging        | 3 4 6 7 8 9 10 11 12 | 12.9
Stealth        | 2 3 4 9 11 12 16 18 20 22 26 27 | 27.0
Shields        | 1 2 3 4 5 |  5.7
Evocations     | 1 2 |  2.6

Action                   |  1- 3 |  4- 6 |  7- 9 | 10-12 | 13-15 || total
-------------------------+-------+-------+-------+-------+-------++-------
Melee: Short sword       |    15 |    12 |    17 |       |       ||    44
       Dagger            |       |       |    26 |       |       ||    26
       Rapier            |       |       |     7 |   162 |       ||   169
       Quick blade       |       |       |       |    77 |   150 ||   227
Invok: Berserk           |     1 |     2 |     4 |    10 |     9 ||    26
       Brothers in Arms  |       |       |       |     2 |     2 ||     4
       Trog's Hand       |       |       |       |       |     1 ||     1
Evoke: Wand              |       |       |       |     1 |       ||     1
       Box of beasts     |       |       |       |     1 |       ||     1
  Use: Potion            |       |     2 |       |       |     6 ||     8
       Scroll            |       |       |       |     3 |     3 ||     6
 Stab: Sleeping          |     5 |     4 |     7 |    18 |    28 ||    62
       Distracted        |       |       |       |       |     1 ||     1
Armor: Ring mail         |       |       |     1 |     9 |       ||    10
       Scale mail        |       |       |       |     3 |    24 ||    27
Dodge: Dodged            |     4 |     3 |     9 |    56 |    82 ||   154
Block: Other             |       |       |     5 |    13 |     7 ||    25

Table legend: (Time is in decaauts)
 A = Elapsed time spent in this place.
 B = Non-inter-level travel time spent in this place.
 C = Inter-level travel time spent in this place.
 D = Time resting spent in this place.
 E = Time spent auto-exploring this place.
 F = Levels seen in this place.
 G = Mean time per level.
                   A        B        C        D        E       F      G
               +--------+--------+--------+--------+--------+-----+--------+
         Total |   4160 |   4160 |      0 |   2555 |     19 |   1 | 4160.0 |
       Dungeon |   4160 |   4160 |      0 |   2555 |     19 |   1 | 4160.0 |
               +--------+--------+--------+--------+--------+-----+--------+

Top non-repeatable levels by time:
       D: 4160 daAuts
